[ AOE2 MATCH · #474511701 ]
UnrankedBohemians vs Vikings
[ REPLAY ANALYSIS · EXTRACTED FROM THE RECORDED GAME ]
Feudal
16:55
Castle
35:34
Imperial
45:58
| APM avg | 9.3 |
| APM peak | 34 |
| eAPM avg | 5.1 |
| Villagers / military | 42 / 26 |
Focus
⚔️ 24.0% · 🌾 76.0%
Hussite Wagon ×16 · Militia ×6 · Trade Cart ×4 · Skirmisher ×2 · Monk ×1 · Fishing Ship ×1
Feudal
16:26
Castle
25:29
Imperial
39:21
| APM avg | 6.3 |
| APM peak | 23 |
| eAPM avg | 5.1 |
| Villagers / military | 62 / 53 |
Focus
⚔️ 22.7% · 🌾 77.3%
Unknown (2550) ×26 · Petard ×24 · Fishing Ship ×19 · Kamayuk ×15 · Spearman ×10 · Trebuchet (Packed) ×4
Feudal
12:38
Castle
26:20
Imperial
40:49
| APM avg | 20.4 |
| APM peak | 95 |
| eAPM avg | 15.4 |
| Villagers / military | 45 / 38 |
Focus
⚔️ 26.1% · 🌾 73.9%
Berserk ×18 · Fishing Ship ×15 · Battering Ram ×7 · Trade Cog ×6 · Spearman ×5 · Longboat ×4
Feudal
13:51
Castle
26:30
Imperial
36:40
| APM avg | 10.4 |
| APM peak | 51 |
| eAPM avg | 8.5 |
| Villagers / military | 74 / 32 |
Focus
⚔️ 28.7% · 🌾 71.3%
Scout Cavalry ×28 · Trade Cart ×7 · Monk ×2 · Trebuchet (Packed) ×2
Match map
Initial resources + every placement click. Lines = walls · curves = elevation contours. ◆ gold · ⬟ stone · ● berries · ✦ relic · ◌ wall gap
Your base· Open — 9t gap
salvo.anfuso's base· Open — 5t gap
Minida's base· Open — 15t gap
rodami's base· Open — 4t gap
Smoothed initial terrain · ◌ = detected wall gap · hover for details
Inputs per minute
— fabric.war - - salvo.anfuso
Build order — fabric.war
145 actions detected in the replay
| 1:39 | Build | Town Center |
| 3:16 | Build | Town Center |
| 4:48 | Build | House |
| 4:50 | Build | House |
| 4:52 | Build | House |
| 4:54 | Build | House |
| 4:57 | Build | House |
| 5:01 | Build | House |
| 5:19 | Create | Villager (Male) |
| 5:20 | Create | Villager (Male) |
| 5:20 | Create | Villager (Male) |
| 5:20 | Create | Villager (Male) |
| 5:25 | Research | Loom |
| 5:26 | Create | Villager (Male) |
| 9:24 | Create | Villager (Male) |
| 9:25 | Create | Villager (Male) |
| 9:25 | Create | Villager (Male) |
| 9:25 | Create | Villager (Male) |
| 10:12 | Build | Palisade Wall |
| 10:20 | Build | Palisade Wall |
| 10:40 | Create | Villager (Male) |
| 10:40 | Create | Villager (Male) |
| 10:40 | Create | Villager (Male) |
| 11:13 | Build | Lumber Camp |
| 13:13 | Create | Villager (Male) |
| 13:48 | Build | Mining Camp |
| 14:45 | Research | Feudal Age |
| 16:46 | Create | Villager (Male) |
| 16:46 | Create | Villager (Male) |
| 16:46 | Create | Villager (Male) |
| 16:47 | Create | Villager (Male) |
| 16:55 | Age | Feudal Age |
| 17:38 | Build | Mill |
| 18:09 | Build | Dock |
| 19:04 | Create | Villager (Male) |
| 19:04 | Create | Villager (Male) |
| 19:04 | Create | Villager (Male) |
| 19:06 | Research | Wheelbarrow |
| 19:07 | Create | Villager (Male) |
| 19:07 | Create | Villager (Male) |
| 19:07 | Create | Villager (Male) |
| 19:55 | Build | Barracks |
| 20:05 | Build | Watch Tower |
| 20:07 | Build | Watch Tower |
| 20:20 | Build | Mining Camp |
| 20:47 | Create | Fishing Ship |
| 21:18 | Create | Villager (Male) |
| 21:18 | Create | Villager (Male) |
| 21:35 | Research | Man-at-Arms (upgrade) |
| 23:10 | Create | Militia |
| 23:11 | Create | Militia |
| 23:11 | Create | Militia |
| 23:11 | Create | Militia |
| 23:18 | Build | Farm |
| 23:22 | Build | Farm |
| 23:24 | Build | Farm |
| 23:47 | Build | Mill |
| 24:29 | Build | Farm |
| 25:13 | Build | Mill |
| 25:44 | Research | Double-Bit Axe |
| 26:25 | Build | Stone Wall |
| 26:29 | Build | Stone Wall |
| 26:37 | Build | Stone Wall |
| 26:42 | Build | Stone Wall |
| 26:54 | Build | Stone Wall |
| 27:02 | Create | Villager (Male) |
| 27:03 | Create | Villager (Male) |
| 27:03 | Create | Villager (Male) |
| 27:03 | Create | Villager (Male) |
| 27:04 | Create | Villager (Male) |
| 27:37 | Build | House |
| 27:39 | Build | House |
| 27:40 | Build | House |
| 27:41 | Build | House |
| 27:42 | Build | House |
| 27:44 | Build | House |
| 27:45 | Build | House |
| 27:48 | Build | House |
| 28:38 | Build | Mining Camp |
| 28:57 | Build | Lumber Camp |
| 30:25 | Create | Villager (Male) |
| 30:25 | Create | Villager (Male) |
| 30:49 | Create | Militia |
| 30:51 | Create | Militia |
| 31:03 | Build | Archery Range |
| 31:06 | Build | Stable |
| 32:41 | Build | Watch Tower |
| 32:47 | Build | Farm |
| 32:54 | Research | Castle Age |
| 33:05 | Build | Stone Wall |
| 34:49 | Build | Stone Wall |
| 35:29 | Create | Villager (Male) |
| 35:30 | Create | Villager (Male) |
| 35:30 | Create | Villager (Male) |
| 35:30 | Create | Villager (Male) |
| 35:31 | Create | Villager (Male) |
| 35:31 | Create | Villager (Male) |
| 35:31 | Create | Villager (Male) |
| 35:34 | Age | Castle Age |
| 35:51 | Build | Castle |
| 36:17 | Build | Market |
| 36:20 | Build | Monastery |
| 36:23 | Build | University |
| 36:36 | Create | Villager (Male) |
| 36:36 | Create | Villager (Male) |
| 36:36 | Create | Villager (Male) |
| 36:39 | Research | Hand Cart |
| 36:40 | Research | Town Watch |
| 37:03 | Research | Elite Skirmisher (upgrade) |
| 37:05 | Create | Skirmisher |
| 37:05 | Create | Skirmisher |
| 38:14 | Build | Stable |
| 38:25 | Research | Horse Collar |
| 38:55 | Build | Lumber Camp |
| 39:38 | Create | Monk |
| 40:04 | Build | Castle |
| 40:18 | Create | Trade Cart |
| 40:18 | Create | Trade Cart |
| 40:18 | Create | Trade Cart |
| 40:19 | Create | Trade Cart |
| 41:02 | Research | Bow Saw |
| 41:35 | Create | Hussite Wagon |
| 41:36 | Create | Hussite Wagon |
| 42:16 | Create | Hussite Wagon |
| 42:16 | Create | Hussite Wagon |
| 42:16 | Create | Hussite Wagon |
| 42:17 | Create | Hussite Wagon |
| 42:48 | Research | Imperial Age |
| 43:04 | Build | Farm |
| 43:04 | Build | Farm |
| 43:06 | Build | Farm |
| 43:08 | Build | Farm |
| 43:20 | Create | Hussite Wagon |
| 43:21 | Create | Hussite Wagon |
| 43:21 | Create | Hussite Wagon |
| 43:21 | Create | Hussite Wagon |
| 43:47 | Build | Lumber Camp |
| 44:25 | Create | Hussite Wagon |
| 44:25 | Create | Hussite Wagon |
| 44:25 | Create | Hussite Wagon |
| 44:26 | Create | Hussite Wagon |
| 45:12 | Create | Hussite Wagon |
| 45:12 | Create | Hussite Wagon |
| 45:58 | Age | Imperial Age |
| 46:59 | Create | Trebuchet (Packed) |
Build order — salvo.anfuso
108 actions detected in the replay
| 0:34 | Build | Town Center |
| 3:09 | Create | Villager (Male) ×4 |
| 3:16 | Build | House |
| 3:20 | Build | House |
| 3:22 | Build | House |
| 3:28 | Build | House |
| 4:08 | Research | Loom |
| 4:51 | Create | Villager (Male) |
| 6:37 | Create | Villager (Male) |
| 6:37 | Create | Villager (Male) |
| 6:38 | Create | Villager (Male) |
| 6:39 | Create | Villager (Male) |
| 7:16 | Create | Villager (Male) |
| 7:38 | Build | Settlement |
| 7:45 | Create | Villager (Male) |
| 7:46 | Create | Villager (Male) |
| 8:34 | Create | Villager (Male) |
| 8:35 | Create | Villager (Male) |
| 8:43 | Create | Villager (Male) |
| 10:11 | Create | Villager (Male) ×5 |
| 10:12 | Create | Villager (Male) ×5 |
| 11:02 | Create | Villager (Male) |
| 14:16 | Research | Feudal Age |
| 14:54 | Build | Barracks |
| 15:26 | Build | Settlement |
| 16:26 | Age | Feudal Age |
| 16:28 | Build | Settlement |
| 17:11 | Build | Dock |
| 17:40 | Create | Villager (Male) ×5 |
| 18:21 | Create | Fishing Ship ×5 |
| 18:59 | Build | Settlement |
| 19:15 | Create | Villager (Male) ×5 |
| 21:18 | Create | Fishing Ship |
| 21:36 | Create | Villager (Male) |
| 21:36 | Create | Villager (Male) |
| 21:47 | Build | Archery Range |
| 21:55 | Build | Market |
| 22:49 | Research | Castle Age |
| 23:42 | Create | Villager (Male) ×5 |
| 24:14 | Create | Villager (Male) ×5 |
| 25:29 | Age | Castle Age |
| 25:47 | Build | Castle |
| 26:19 | Create | Petard ×5 |
| 26:20 | Create | Petard ×5 |
| 26:27 | Create | Unit 2550 ×2 |
| 26:45 | Build | Town Center |
| 26:56 | Create | Kamayuk |
| 28:07 | Create | Kamayuk |
| 28:07 | Create | Kamayuk |
| 28:22 | Create | Fishing Ship ×5 |
| 28:30 | Create | Villager (Male) ×2 |
| 29:16 | Build | Castle |
| 29:34 | Research | Tech 1402 |
| 29:59 | Create | Kamayuk |
| 30:00 | Create | Kamayuk |
| 30:26 | Build | Castle |
| 31:27 | Build | Castle |
| 32:23 | Create | Fishing Ship |
| 32:24 | Create | Fishing Ship |
| 32:24 | Create | Fishing Ship |
| 32:44 | Build | Dock |
| 32:55 | Create | Villager (Male) ×5 |
| 33:45 | Create | Fishing Ship ×5 |
| 34:08 | Build | Town Center |
| 34:21 | Build | Settlement |
| 34:39 | Create | Kamayuk ×5 |
| 35:46 | Build | Barracks |
| 36:11 | Research | Imperial Age |
| 36:31 | Create | Petard ×2 |
| 36:32 | Create | Petard ×2 |
| 36:41 | Build | Castle |
| 37:21 | Research | Tech 1351 |
| 37:22 | Create | Unit 2550 ×2 |
| 37:22 | Create | Unit 2550 ×2 |
| 37:36 | Create | Villager (Male) ×2 |
| 38:10 | Build | Settlement |
| 38:43 | Create | Trade Cart |
| 39:13 | Build | Barracks |
| 39:18 | Build | Archery Range |
| 39:21 | Age | Imperial Age |
| 39:40 | Create | Trebuchet (Packed) |
| 40:02 | Create | Petard ×5 |
| 40:09 | Create | Spearman ×5 |
| 40:10 | Create | Spearman ×5 |
| 40:26 | Create | Trebuchet (Packed) |
| 40:58 | Create | Villager (Male) ×5 |
| 41:29 | Build | Castle |
| 42:58 | Create | Trebuchet (Packed) |
| 43:02 | Create | Trebuchet (Packed) |
| 43:21 | Create | Kamayuk ×5 |
| 43:25 | Create | Petard ×5 |
| 44:08 | Build | Barracks |
| 46:23 | Build | Settlement |
| 46:52 | Build | Settlement |
| 47:29 | Build | Barracks |
| 49:04 | Research | Tech 1352 |
| 49:05 | Create | Unit 2550 ×5 |
| 49:06 | Create | Unit 2550 ×5 |
| 49:06 | Create | Unit 2550 ×5 |
| 49:06 | Create | Unit 2550 ×5 |
| 49:13 | Build | House |
| 49:17 | Build | House |
| 49:18 | Build | House |
| 49:20 | Build | House |
| 49:21 | Build | House |
| 49:22 | Build | House |
| 50:36 | Build | Settlement |
| 50:53 | Build | Castle |
Build order — Minida
First 150 of 195 actions detected
| 0:23 | Build | Town Center |
| 2:40 | Create | Villager (Male) |
| 2:40 | Create | Villager (Male) |
| 2:40 | Create | Villager (Male) |
| 2:40 | Create | Villager (Male) |
| 2:41 | Create | Villager (Male) |
| 2:48 | Build | House |
| 3:57 | Build | House |
| 4:00 | Create | Villager (Male) |
| 4:00 | Create | Villager (Male) |
| 4:28 | Build | House |
| 4:38 | Create | Villager (Male) |
| 5:02 | Build | House |
| 5:07 | Create | Villager (Male) |
| 5:08 | Create | Villager (Male) |
| 5:39 | Build | Mill |
| 5:56 | Create | Villager (Male) |
| 5:57 | Create | Villager (Male) |
| 5:57 | Create | Villager (Male) |
| 6:56 | Create | Villager (Male) |
| 6:56 | Create | Villager (Male) |
| 7:29 | Build | Lumber Camp |
| 7:45 | Create | Villager (Male) |
| 7:45 | Create | Villager (Male) |
| 8:36 | Create | Villager (Male) |
| 8:36 | Create | Villager (Male) |
| 8:42 | Create | Villager (Male) |
| 9:45 | Create | Villager (Male) |
| 9:46 | Create | Villager (Male) |
| 9:46 | Create | Villager (Male) |
| 9:46 | Create | Villager (Male) |
| 9:53 | Research | Loom |
| 10:28 | Research | Feudal Age |
| 11:33 | Build | House |
| 11:35 | Build | House |
| 12:38 | Age | Feudal Age |
| 12:48 | Build | Watch Tower |
| 12:59 | Build | Barracks |
| 13:12 | Research | Town Watch |
| 13:16 | Create | Villager (Male) |
| 13:16 | Create | Villager (Male) |
| 13:16 | Create | Villager (Male) |
| 13:58 | Build | Mill |
| 14:00 | Create | Villager (Male) |
| 14:00 | Create | Villager (Male) |
| 14:00 | Create | Villager (Male) |
| 14:01 | Create | Villager (Male) |
| 14:31 | Build | Lumber Camp |
| 15:07 | Create | Villager (Male) |
| 15:07 | Create | Villager (Male) |
| 15:16 | Build | Dock |
| 15:24 | Build | House |
| 15:25 | Build | House |
| 15:46 | Build | Mill |
| 15:56 | Create | Fishing Ship |
| 15:56 | Create | Fishing Ship |
| 16:37 | Create | Fishing Ship |
| 16:38 | Create | Fishing Ship |
| 16:38 | Create | Fishing Ship |
| 16:51 | Create | Villager (Male) |
| 16:51 | Create | Villager (Male) |
| 16:51 | Create | Villager (Male) |
| 16:52 | Create | Villager (Male) |
| 17:08 | Build | House |
| 17:16 | Build | House |
| 17:31 | Research | Double-Bit Axe |
| 17:51 | Research | Horse Collar |
| 18:17 | Build | Stable |
| 19:14 | Create | Scout Cavalry |
| 19:42 | Create | Scout Cavalry |
| 19:53 | Build | Blacksmith |
| 20:39 | Build | Mining Camp |
| 21:11 | Build | Mining Camp |
| 21:34 | Create | Spearman |
| 22:16 | Build | Market |
| 22:19 | Research | Forging |
| 22:40 | Build | Barracks |
| 23:06 | Research | Scale Mail Armor |
| 23:40 | Research | Castle Age |
| 23:58 | Build | Watch Tower |
| 24:35 | Build | Archery Range |
| 25:17 | Build | Watch Tower |
| 25:21 | Research | Stone Mining |
| 25:22 | Research | Gold Mining |
| 25:33 | Build | Dock |
| 26:01 | Build | Farm |
| 26:04 | Build | Farm |
| 26:05 | Build | Farm |
| 26:06 | Build | Farm |
| 26:08 | Build | Farm |
| 26:20 | Age | Castle Age |
| 26:24 | Build | Mining Camp |
| 26:50 | Create | Spearman |
| 28:12 | Create | Fishing Ship |
| 28:12 | Create | Fishing Ship |
| 28:13 | Create | Fishing Ship |
| 28:13 | Create | Fishing Ship |
| 28:13 | Create | Fishing Ship |
| 28:13 | Create | Fishing Ship |
| 28:23 | Build | Town Center |
| 28:28 | Research | Bow Saw |
| 28:40 | Create | Fishing Ship |
| 28:40 | Create | Fishing Ship |
| 29:11 | Research | Squires |
| 29:50 | Build | Siege Workshop |
| 30:08 | Create | Fishing Ship |
| 30:08 | Create | Fishing Ship |
| 30:22 | Research | Fletching |
| 30:53 | Create | Spearman |
| 30:53 | Create | Spearman |
| 30:53 | Create | Spearman |
| 31:02 | Build | Watch Tower |
| 31:31 | Research | Bodkin Arrow |
| 31:49 | Research | Iron Casting |
| 32:27 | Research | Padded Archer Armor |
| 32:35 | Build | Farm |
| 32:38 | Build | Farm |
| 32:46 | Research | Gold Shaft Mining |
| 32:54 | Research | Arson |
| 33:07 | Create | Villager (Male) |
| 33:08 | Create | Villager (Male) |
| 33:08 | Create | Villager (Male) |
| 33:42 | Create | Battering Ram |
| 34:23 | Build | Monastery |
| 35:09 | Build | Castle |
| 35:48 | Create | Monk |
| 36:11 | Create | Trade Cart |
| 36:41 | Build | University |
| 37:39 | Research | Imperial Age |
| 37:54 | Research | Murder Holes |
| 38:22 | Create | Villager (Male) |
| 38:23 | Create | Villager (Male) |
| 38:23 | Create | Villager (Male) |
| 38:25 | Create | Villager (Male) |
| 38:25 | Create | Villager (Male) |
| 38:27 | Research | Town Patrol |
| 38:41 | Research | Light Cavalry (upgrade) |
| 40:20 | Create | Trade Cog |
| 40:38 | Create | Battering Ram |
| 40:49 | Age | Imperial Age |
| 40:54 | Create | Trebuchet (Packed) |
| 41:46 | Research | Capped Ram (upgrade) |
| 42:07 | Create | Battering Ram |
| 42:26 | Create | Berserk |
| 42:27 | Create | Berserk |
| 42:27 | Create | Berserk |
| 43:05 | Research | Siege Ram (upgrade) |
| 43:05 | Create | Battering Ram |
| 43:37 | Research | Bracer |
| 44:17 | Create | Battering Ram |
Build order — rodami
First 150 of 223 actions detected
| 0:17 | Build | Town Center |
| 1:19 | Build | Mill |
| 2:38 | Create | Villager (Male) |
| 2:38 | Create | Villager (Male) |
| 2:39 | Research | Loom |
| 2:39 | Create | Villager (Male) |
| 2:39 | Create | Villager (Male) |
| 2:40 | Create | Villager (Male) |
| 3:06 | Build | House |
| 3:07 | Build | House |
| 3:09 | Build | House |
| 3:11 | Build | House |
| 3:53 | Create | Villager (Male) |
| 4:15 | Create | Villager (Male) |
| 4:53 | Create | Villager (Male) |
| 5:31 | Create | Villager (Male) |
| 5:47 | Create | Villager (Male) |
| 6:04 | Create | Villager (Male) |
| 6:36 | Create | Villager (Male) |
| 6:36 | Create | Villager (Male) |
| 6:37 | Create | Villager (Male) |
| 7:05 | Create | Villager (Male) |
| 7:43 | Create | Villager (Male) |
| 7:43 | Create | Villager (Male) |
| 8:53 | Build | Lumber Camp |
| 9:05 | Create | Villager (Male) |
| 9:05 | Create | Villager (Male) |
| 9:05 | Create | Villager (Male) |
| 9:53 | Create | Villager (Male) |
| 10:17 | Build | Mining Camp |
| 11:07 | Build | Mining Camp |
| 11:41 | Research | Feudal Age |
| 13:51 | Age | Feudal Age |
| 13:56 | Build | Barracks |
| 14:29 | Research | Wheelbarrow |
| 14:30 | Research | Town Watch |
| 14:35 | Create | Villager (Male) |
| 14:35 | Create | Villager (Male) |
| 14:53 | Build | Watch Tower |
| 15:09 | Research | Horse Collar |
| 16:56 | Build | Stable |
| 17:05 | Create | Villager (Male) |
| 17:05 | Create | Villager (Male) |
| 17:06 | Create | Villager (Male) |
| 17:06 | Create | Villager (Male) |
| 17:06 | Create | Villager (Male) |
| 17:06 | Create | Villager (Male) |
| 17:40 | Build | House |
| 17:41 | Build | House |
| 18:14 | Build | House |
| 18:15 | Build | House |
| 18:28 | Build | Farm |
| 18:31 | Create | Villager (Male) |
| 18:31 | Create | Villager (Male) |
| 18:32 | Create | Villager (Male) |
| 18:32 | Create | Villager (Male) |
| 18:32 | Create | Villager (Male) |
| 18:38 | Create | Scout Cavalry |
| 18:54 | Build | Watch Tower |
| 19:01 | Build | Watch Tower |
| 19:39 | Build | Farm |
| 20:05 | Build | Farm |
| 20:21 | Build | Farm |
| 21:04 | Build | Watch Tower |
| 21:11 | Build | Market |
| 22:18 | Build | Blacksmith |
| 22:37 | Research | Fletching |
| 22:51 | Build | Mill |
| 23:50 | Research | Castle Age |
| 24:18 | Research | Stone Mining |
| 24:22 | Research | Gold Mining |
| 25:33 | Build | Farm |
| 25:37 | Build | Farm |
| 25:39 | Build | Farm |
| 26:30 | Age | Castle Age |
| 26:38 | Build | Town Center |
| 26:47 | Create | Villager (Male) |
| 26:47 | Create | Villager (Male) |
| 26:47 | Create | Villager (Male) |
| 26:48 | Create | Villager (Male) |
| 26:48 | Create | Villager (Male) |
| 26:48 | Create | Villager (Male) |
| 26:48 | Create | Villager (Male) |
| 26:48 | Create | Villager (Male) |
| 27:52 | Create | Villager (Male) |
| 27:52 | Create | Villager (Male) |
| 27:53 | Create | Villager (Male) |
| 27:53 | Create | Villager (Male) |
| 27:53 | Create | Villager (Male) |
| 27:53 | Create | Villager (Male) |
| 27:55 | Create | Villager (Male) |
| 28:12 | Research | Bodkin Arrow |
| 28:25 | Research | Double-Bit Axe |
| 28:57 | Build | Castle |
| 29:16 | Research | Hand Cart |
| 29:34 | Build | Farm |
| 30:35 | Build | Mining Camp |
| 30:50 | Build | University |
| 31:35 | Build | Mill |
| 31:53 | Build | Farm |
| 32:17 | Build | Mill |
| 32:31 | Build | Watch Tower |
| 32:37 | Research | Guard Tower (upgrade) |
| 32:59 | Research | Murder Holes |
| 33:30 | Research | Imperial Age |
| 34:21 | Research | Treadmill Crane |
| 34:22 | Research | Masonry |
| 34:31 | Create | Villager (Male) |
| 34:31 | Create | Villager (Male) |
| 34:31 | Create | Villager (Male) |
| 34:31 | Create | Villager (Male) |
| 34:32 | Create | Villager (Male) |
| 34:32 | Create | Villager (Male) |
| 34:34 | Create | Villager (Male) |
| 35:01 | Build | Farm |
| 35:07 | Research | Bow Saw |
| 35:26 | Build | Farm |
| 35:32 | Research | Heavy Plow |
| 35:51 | Build | Farm |
| 36:18 | Build | Farm |
| 36:40 | Age | Imperial Age |
| 36:41 | Build | Farm |
| 36:46 | Research | Stone Shaft Mining |
| 36:53 | Research | Bracer |
| 37:08 | Build | Farm |
| 37:21 | Create | Villager (Male) |
| 37:21 | Create | Villager (Male) |
| 37:21 | Create | Villager (Male) |
| 37:22 | Create | Villager (Male) |
| 37:22 | Create | Villager (Male) |
| 37:32 | Build | Farm |
| 37:50 | Research | Conscription |
| 37:59 | Build | Castle |
| 38:08 | Build | Farm |
| 38:19 | Build | Farm |
| 38:30 | Research | Architecture |
| 38:31 | Research | Arrowslits |
| 38:41 | Build | Farm |
| 38:58 | Create | Villager (Male) |
| 38:58 | Create | Villager (Male) |
| 38:58 | Create | Villager (Male) |
| 38:58 | Create | Villager (Male) |
| 39:10 | Build | Farm |
| 39:26 | Research | Chemistry |
| 39:27 | Research | Ballistics |
| 39:39 | Build | Dock |
| 39:48 | Create | Trebuchet (Packed) |
| 40:01 | Build | Farm |
| 40:06 | Create | Villager (Male) |
| 40:06 | Create | Villager (Male) |
Match timeline
| 10:12 | fabric.war · wall_segment Palisade Wall x15 |
| 10:20 | fabric.war · wall_segment Palisade Wall x21 |
| 12:38 | Minida · age_up feudal |
| 12:59 | Minida · first_building Barracks |
| 13:51 | rodami · age_up feudal |
| 13:56 | rodami · first_building Barracks |
| 14:54 | salvo.anfuso · first_building Barracks |
| 15:16 | Minida · first_building Dock |
| 16:26 | salvo.anfuso · age_up feudal |
| 16:55 | fabric.war · age_up feudal |
| 16:56 | rodami · first_building Stable |
| 17:11 | salvo.anfuso · first_building Dock |
| 18:09 | fabric.war · first_building Dock |
| 18:17 | Minida · first_building Stable |
| 19:55 | fabric.war · first_building Barracks |
| 21:47 | salvo.anfuso · first_building Archery Range |
| 23:15 | Minida · first_market_sell 100 food |
| 24:35 | Minida · first_building Archery Range |
| 25:29 | salvo.anfuso · age_up castle |
| 25:47 | salvo.anfuso · first_building Castle |
| 26:20 | Minida · age_up castle |
| 26:25 | fabric.war · wall_segment Stone Wall x6 |
| 26:29 | fabric.war · wall_segment Stone Wall x8 |
| 26:30 | rodami · age_up castle |
| 26:37 | fabric.war · wall_segment Stone Wall x15 |
| 26:42 | fabric.war · wall_segment Stone Wall x19 |
| 26:54 | fabric.war · wall_segment Stone Wall x29 |
| 28:57 | rodami · first_building Castle |
| 29:50 | Minida · first_building Siege Workshop |
| 31:03 | fabric.war · first_building Archery Range |
| 31:06 | fabric.war · first_building Stable |
| 33:05 | fabric.war · wall_segment Stone Wall x15 |
| 34:23 | Minida · first_building Monastery |
| 34:49 | fabric.war · wall_segment Stone Wall x9 |
| 35:07 | salvo.anfuso · first_market_sell 100 wood |
| 35:09 | Minida · first_building Castle |
| 35:12 | salvo.anfuso · first_market_buy 100 food |
| 35:34 | fabric.war · age_up castle |
| 35:51 | fabric.war · first_building Castle |
| 36:20 | fabric.war · first_building Monastery |
| 36:40 | rodami · age_up imperial |
| 39:21 | salvo.anfuso · age_up imperial |
| 39:39 | rodami · first_building Dock |
| 40:49 | Minida · age_up imperial |
| 40:51 | rodami · first_building Monastery |
| 45:58 | fabric.war · age_up imperial |
| 47:26 | fabric.war · resign |
[ AI ANALYSIS · 1 CREDIT ]
What really happened in this match?
Wolo.gg analyzes every decision: build order, eco, micro, common mistakes by bracket. Personalized analysis on WhatsApp or Discord in 30 seconds.
Civ guide
Bohemians
Perfil
fabric.war